 Dungeon Crawl Stone Soup version 0.21.1-1-g345015f (webtiles) character file.

43 letownia2 the Magician (level 3, -2/24 HPs)
             Began as a Merfolk Wizard on Mar 8, 2018.
             Killed from afar by an orc wizard (9 damage)
             ... with a magic dart
             ... on level 3 of the Dungeon.
             The game lasted 00:03:33 (596 turns).

letownia2 the Magician (Merfolk Wizard)              Turns: 596, Time: 00:03:34

Health: -2/24      AC:  3    Str:  8    XL:     3   Next: 58%
Magic:  1/7        EV: 12    Int: 17    God:
Gold:   50         SH:  0    Dex: 12    Spells: 2/8 levels left

rFire    . . .     SeeInvis .   h - +0 spear
rCold    . . .     Gourm    .   (no shield)
rNeg     . . .     Faith    .   l - +0 leather armour
rPois    +         Spirit   .   b - +0 hat
rElec    .         Reflect  .   (no cloak)
rCorr    .         Harm     .   (no gloves)
MR       .....                  (no boots)
Stlth    ++........             (no amulet)
HPRegen  0.08/turn              q - ring of poison resistance
MPRegen  0.10/turn              (no ring)

@: no status effects
A: change form in water, swift swim, stealthy swim
a: no special abilities


You were on level 3 of the Dungeon.
You were not hungry.

You visited 1 branch of the dungeon, and saw 4 of its levels.

You collected 50 gold pieces.

Inventory:

Hand Weapons
 h - a +0 spear (weapon)
 n - a +0 mace of venom
Armour
 a - a +0 robe
 b - a +0 hat (worn)
 l - a +0 leather armour (worn)
Jewellery
 q - a ring of poison resistance (left hand)
Scrolls
 f - 3 scrolls of identify {unknown}
 g - a scroll of immolation {unknown}
 m - a scroll of remove curse {unknown}
Potions
 e - a potion of ambrosia {unknown}
 i - a potion of curing {unknown}
 j - 3 potions of agility {unknown}
 k - a potion of cancellation {unknown}
 o - a potion of flight {unknown}
 p - a potion of degeneration {unknown}
Books
 c - a book of Minor Magic

   Spells                             Type                      Level
   a - Magic Dart                     Conjuration                  1
   b - Blink                          Translocation                2
   c - Call Imp                       Summoning                    2
   d - Slow                           Hexes                        2
   e - Conjure Flame                  Conjuration/Fire             3
   f - Mephitic Cloud                 Conjuration/Poison/Air       3
Comestibles
 d - 4 rations


   Skills:
 + Level 0.2 Fighting
 * Level 2.3 Polearms
 - Level 2.6 Dodging
 - Level 2.1 Stealth
 - Level 3.0 Spellcasting
 - Level 1.2 Conjurations
 - Level 2.4 Summonings
   Level 0.7 Translocations


You had 2 spell levels left.
You knew the following spells:

 Your Spells              Type           Power        Failure   Level  Hunger
a - Magic Dart            Conj           #...         16%         1    None
e - Mephitic Cloud        Conj/Pois/Air  #.......     54%         3    ###....
i - Call Imp              Summ           ##......     14%         2    ##.....


Dungeon Overview and Level Annotations

Branches:
Dungeon (4/15)
 Temple: D:4-7

Altars:

Annotations:
D:4 Spoonicorn's ghost, amateur OgBe


Message History

Unknown command.
Attack whom?
Press: ? - help, Dir - move target cursor, f/p - orc wizard
Aim: an orc wizard, wielding a dagger and wearing a robe You completely miss the orc wizard.
The orc wizard hits you with a dagger.
* * * LOW HITPOINT WARNING * * *
Your crimson imp hits the orc wizard.
Unknown command.
What are your orders? t - Shout!
Orders for allies: a - Attack new target. p - Attack previous target. r - Retreat! s - Stop attacking. g - Guard the area. f - Follow me.
Anything else - Cancel.
Retreat in which direction?
Press: ? - help, Dir - move target cursor, p - orc wizard Fall back!
The orc wizard casts a spell at you. The magic dart hits you!
You die...

#># #.# #....# #.# #.#
#.#### #.# #.# #.# #.#
#.# #.# #># .# #.# #.#
#<# #.### #[# #...#####
#.# ###.....# #@#
####.###.### #o#
....<.........55.......#
####.###.###############
###


You could see an orc wizard and a friendly crimson imp.

Vanquished Creatures
  An orc wizard (D:3)
  A dart slug (D:2)
  2 giant cockroaches (D:1)
  3 goblins
  A hobgoblin (D:1)
  2 jackals (D:2)
  5 bats
  A frilled lizard (D:1)
  A rat (D:1)
17 creatures vanquished.

Vanquished Creatures (collateral kills)
  2 orcs (D:3)
  A jackal (D:2)
  2 kobolds (D:2)
5 creatures vanquished.

Grand Total: 22 creatures vanquished

Notes
Turn   | Place    | Note
-------+----------+-------------------------------------------
     0 | D:1      | letownia2 the Merfolk Wizard began the quest for the Orb.
     0 | D:1      | Reached XP level 1. HP: 13/13 MP: 4/4
    26 | D:1      | Reached skill level 1 in Conjurations
   240 | D:1      | Reached skill level 1 in Polearms
   257 | D:1      | Reached XP level 2. HP: 15/19 MP: 0/6
   327 | D:1      | Learned a level 2 spell: Call Imp
   475 | D:4      | Noticed Spoonicorn's ghost (amateur OgBe)
   529 | D:3      | Reached XP level 3. HP: 18/24 MP: 7/7
   534 | D:3      | Learned a level 3 spell: Mephitic Cloud
   596 | D:3      | Killed from afar by an orc wizard

Skill      XL: |  1  2 |
---------------+-------+-----
Conjurations   | 1 |  1.2
Polearms       | 1 2 |  2.3
Summonings     | 2 |  2.4
Fighting       | |  0.2
Dodging        | |  2.6
Stealth        | |  2.1
Spellcasting   | |  3.0
Translocations | |  0.7

Action                   || total
-------------------------++-------
Melee: Unarmed           ||    18
       Spear             ||    48
 Cast: Magic Dart        ||    27
       Call Imp          ||     6
 Stab: Sleeping          ||     3
Armor: Robe              ||     5
       Leather armour    ||    10
Dodge: Dodged            ||    49
